Description

hydra

Replay - B2GM - ZvP - Platinum 1 - Game 1

Build Order

Get SALT Encoding   

  12  0:01  Drone  
  13  0:14  Overlord  
  13  0:17  Drone  
  14  0:32  Drone x2  
  16  0:50  Hatchery  
  16  0:54  Drone x2  
  17  1:02  Drone  
  18  1:11  Drone  
  19  1:22  Drone  
  19  1:23  Spawning Pool  
  19  1:30  Drone  
  20  1:35  Extractor  
  25  2:25  Overlord  
  25  2:27  Queen  
  28  2:37  Overlord x2  
  28  2:43  Queen  
  28  2:44  Hatchery  
  33  3:07  Roach Warren  
  33  3:10  Overlord  
  33  3:13  Lair  
  33  3:19  Evolution Chamber  
  34  3:28  Queen  
  42  4:01  Zerg Missile Weapons Level 1  
  47  4:04  Extractor x2  
  47  4:05  Queen  
  47  4:09  Glial Reconstitution  
  51  4:34  Roach x4  
  59  4:47  Overseer  
  59  4:49  Roach x4  
  82  5:32  Hatchery  
  81  5:39  Extractor x2  
  90  5:52  Hydralisk Den  
  89  5:58  Evolution Chamber  
  89  6:00  Extractor  
  101  6:12  Overseer  
  104  6:40  Hatchery  
  103  6:50  Extractor x2, Hydralisk x5  
  103  6:53  Grooved Spines  
  116  6:56  Infestation Pit  
  116  6:59  Zerg Missile Weapons Level 2  
  116  7:04  Zerg Ground Armor Level 1, Hydralisk x3  
  122  7:14  Hydralisk x2  
  150  7:33  Hive  
  172  8:04  Muscular Augments  
  190  8:34  Roach x2  
  200  8:45  Lurker Den  
  200  8:46  Spire  
Spawning Tool Build Advisor. Get it on Overwolf

Go to:

Details

  • Created by: deathsbane  
  • Published on: Feb 22, 2020
  • Modified on: Feb 22, 2020
  • Patch: 4.11.0
Show
View Real Time Build Order
Export as new Build Order

Comments (0)

There are no comments. Be the first!

Create an account to comment!